 Dungeon Crawl Stone Soup version 0.28.0 (webtiles) character file.

Game seed: 12577445621340088425

25 Deca the Slasher (level 2, -1/25 HPs)
             Began as a Minotaur Gladiator on Feb 15, 2022.
             Slain by Sigmund (12 damage)
             ... on level 1 of the Dungeon.
             The game lasted 00:03:04 (651 turns).

Deca the Slasher (Minotaur Gladiator)                Turns: 651, Time: 00:03:05

Health: -1/25      AC:  3    Str: 18    XL:     2   Next: 82%
Magic:  1/1        EV: 12    Int:  5    God:
Gold:   18         SH:  0    Dex: 11    Spells: 1/1 levels left

rFire   . . .      SeeInvis .   a - +0 long sword
rCold   . . .      Faith    .   (no shield)
rNeg    . . .      Spirit   .   b - +0 leather armour
rPois   .          Reflect  .   c - +0 hat
rElec   .          Harm     .   (no cloak)
rCorr   .          Rampage  .   (no gloves)
Will    .....                   (no boots)
Stlth   +.........              (no amulet)
HPRegen 0.08/turn               (no ring)
MPRegen 0.07/turn               (no ring)

@: no status effects
A: horns 2, retaliatory headbutt
a: no special abilities


You were on level 1 of the Dungeon.
You visited 1 branch of the dungeon, and saw 2 of its levels.

You collected 18 gold pieces.

Inventory:

Hand Weapons
 a - a +0 long sword (weapon)
Missiles
 d - 3 throwing nets (quivered)
Armour
 b - a +0 leather armour (worn)
 c - a +0 hat (worn)
Potions
 e - a potion of heal wounds {unknown}


   Skills:
 + Level 2.9 Fighting
 + Level 4.0 Long Blades
 - Level 2.0 Throwing
 + Level 1.3 Armour
 + Level 3.6 Dodging


You had one spell level left.
You didn't know any spells.
Your spell library contained the following spells:

 Spells                   Type           Power      Damage    Failure   Level
 Gell's Gravitas          Tloc           0%         N/A       88%         3
 Teleport Other           Tloc           0%         N/A       88%         3
 Dispersal                Tloc           0%         N/A       100%        6


Dungeon Overview and Level Annotations

Branches:
Dungeon (2/15)

Altars:

Annotations:
D:2 Sigmund


Innate Abilities, Weirdness & Mutations

You have a pair of horns on your head.
You reflexively headbutt those who attack you in melee.


Message History

The giant cockroach bites you but does no damage.
You climb upwards.
Reactivating autopickup.
There is a stone staircase leading down here.
You slash the giant cockroach!
You kill the giant cockroach!
No target in view!
You start resting.
HP restored.
Done exploring.
You climb downwards.
Level annotation: Sigmund Sigmund hits you but does no damage.
There is a stone staircase leading up here.
Sigmund closely misses you.
You climb upwards.
There is a stone staircase leading down here.
You climb downwards.
Level annotation: Sigmund
There is a stone staircase leading up here.
Sigmund hits you from afar with a +0 scythe.
You climb upwards.
There is a stone staircase leading down here.
You start resting.
HP restored.
You climb downwards.
Level annotation: Sigmund Sigmund casts a spell.
Sigmund flickers and vanishes!
Deactivating autopickup; reactivate with Ctrl-A.
There is a stone staircase leading up here.
Something hits you.
You climb upwards.
Reactivating autopickup.
There is a stone staircase leading down here.
You start resting.
Something hits you!
Deactivating autopickup; reactivate with Ctrl-A.
You start resting.
Something hits you!
You die...

.######....#÷..#.....####### #
.##.....#........###.......###
#
.##.##.......###....######...#
## ....##.####.## #.##.# ###.#
#. .#..†..# #.## #.##.# #.# #.
....#### #..# #.##.# #.# #.
....########.###.##.# #.# #.
..#............#.##.# #.# #.
..#.########....@##.########.#
#. ..#..#
##..#..........#..###. ..##.##
##.###..#...÷........
..##..### #.÷##..#######.#####
#.###...# ##..##.##..#.#..#888
#.# ###.###
##.##.##..'.#..#... #.#
#..>### #.÷...#..#.#..##'#
#.## ###...##
##....#..#_#...... ...##
###..###.....#..###..#...


There were no monsters in sight!

Vanquished Creatures
  A dart slug (D:1)
  3 bats (D:1)
  3 endoplasms (D:1)
  2 giant cockroaches (D:1)
  A hobgoblin (D:1)
  2 quokkas (D:1)
  4 ball pythons (D:1)
  2 frilled lizards (D:1)
  3 rats (D:1)
21 creatures vanquished.

Notes
Turn   | Place    | Note
-------+----------+-------------------------------------------
     0 | D:1      | Deca the Minotaur Gladiator began the quest for the Orb.
     0 | D:1      | Reached XP level 1. HP: 18/18 MP: 0/0
   117 | D:1      | Reached XP level 2. HP: 25/25 MP: 1/1
   131 | D:1      | Reached skill level 1 in Armour
   372 | D:1      | Reached skill level 4 in Long Blades
   490 | D:1      | Found a faded altar of an unknown god.
   516 | D:2      | Noticed Sigmund
   651 | D:1      | Slain by Sigmund

Illustrated notes

Levels and vault maps discovered:
D:1:      dpeg_arrival_orchard, layout_rooms,
          shapermc_ecumenical_altar_mp_vishouse
D:2:      layout_basic, uniq_sigmund, uniq_jessica

Skill      XL: |  1  2 |
---------------+-------+-----
Armour         | 1 |  1.3
Long Blades    | 4 |  4.0
Fighting       | |  2.9
Throwing       | |  2.0
Dodging        | |  3.6

Action                   || total
-------------------------++-------
Melee: Long sword        ||    33
       Headbutt          ||     3
Armor: Leather armour    ||     9
Dodge: Dodged            ||    34
